 Dungeon Crawl Stone Soup version 0.26-a0-854-gdc81c2f471 (webtiles) character file.

Game seed: 318180794908983824

4 sahdkjhfkaj the Ruffian (level 1, 0/16 HPs)
             Began as a Hill Orc Transmuter on Nov 22, 2020.
             Slain by a rat (3 damage)
             ... on level 1 of the Dungeon.
             The game lasted 00:02:02 (214 turns).

sahdkjhfkaj the Ruffian (Hill Orc Transmuter)        Turns: 214, Time: 00:02:03

Health: 0/16       AC:  2    Str: 12    XL:     1   Next: 60%
Magic:  3/3        EV: 12    Int: 13    God:
Gold:   20         SH:  0    Dex: 11    Spells: 2/3 levels left

rFire    . . .     SeeInvis .     - Unarmed
rCold    . . .     Faith    .   (no shield)
rNeg     . . .     Spirit   .   a - +0 robe
rPois    .         Reflect  .   (no helmet)
rElec    .         Harm     .   (no cloak)
rCorr    .         Rampage  .   (no gloves)
MR       .....                  (no boots)
Stlth    +.........             (no amulet)
HPRegen  0.05/turn              (no ring)
MPRegen  0.08/turn              (no ring)

@: no status effects
A: no striking features
a: no special abilities


You were on level 1 of the Dungeon.
You visited 1 branch of the dungeon, and saw 1 of its levels.

You collected 20 gold pieces.

Inventory:

Armour
 a - a +0 robe (worn)
Scrolls
 d - a scroll of blinking {unknown}
Potions
 b - a potion of heal wounds {unknown}
 c - a potion of brilliance {unknown}


   Skills:
 - Level 1.2 Fighting
 - Level 1.5 Dodging
 - Level 3.2 Unarmed Combat
 - Level 1.5 Spellcasting
 + Level 1.7 Transmutations


You had 2 spell levels left.
You knew the following spells:

 Your Spells              Type           Power        Failure   Level
a - Beastly Appendage     Tmut           #.....       13%         1

Your spell library contained the following spells:

 Spells                   Type           Power        Failure   Level
 Wereblood                Tmut           #.......     21%         2
 Spider Form              Tmut/Pois      #.........   50%         3
 Ice Form                 Ice/Tmut       #.......     88%         4
 Blade Hands              Tmut           #.........   98%         5


Dungeon Overview and Level Annotations

Branches:
Dungeon (1/15)

Altars:
Cheibriados


Message History

The rat closely misses you.
You close the door.
The rat closely misses you.
You closely miss the rat. The rat bites you.
* * * LOW HITPOINT WARNING * * *
You hit the rat.
The rat is moderately wounded.
The rat misses you.
You hit the rat but do no damage.
The rat is moderately wounded.
The rat closely misses you.
You hit the rat but do no damage.
The rat is moderately wounded.
The rat barely misses you.
You closely miss the rat.
The rat is moderately wounded.
The rat bites you but does no damage.
You barely miss the rat.
The rat is moderately wounded.
The rat bites you.
You die...

#.................#
#..#######.######.#
#..#######.######.
#.................
##.#######.####### #.# #.### #.#
#...# #.# #.#r# ######.#
#####.#@###### ###
#......###.#..##+##D#d# #####D#
............###...#########D#^###
#.########.##D#.>.....#D#D#####.)
# #.####...###.#####.).... #.#
##+##*#.......##### #.#
###########^#D# #####.#
#^#≈#≈#*##### ..$#.# #########


You could see a rat.

Vanquished Creatures
  A giant cockroach (D:1)
  A goblin (D:1)
  2 frilled lizards (D:1)
4 creatures vanquished.

Notes
Turn   | Place    | Note
-------+----------+-------------------------------------------
     0 | D:1      | sahdkjhfkaj the Hill Orc Transmuter began the quest for the
                  | Orb.
     0 | D:1      | Reached XP level 1. HP: 16/16 MP: 3/3
     0 | D:1      | Noticed an iron dragon
     0 | D:1      | Noticed a shadow dragon
     4 | D:1      | Noticed a large abomination
     4 | D:1      | Noticed a purple draconian
     6 | D:1      | Noticed an ice dragon
     9 | D:1      | Noticed an iron dragon
    10 | D:1      | Noticed an ice dragon
    14 | D:1      | Noticed an ice dragon
    14 | D:1      | Noticed an orb of fire
    16 | D:1      | Noticed an ice dragon
    16 | D:1      | Noticed an orb of fire
    18 | D:1      | Noticed a white draconian
    18 | D:1      | Noticed an ice dragon
    20 | D:1      | Noticed an ice dragon
    22 | D:1      | Noticed an ice dragon
   122 | D:1      | Found a snail-covered altar of Cheibriados.
   214 | D:1      | Slain by a rat

Illustrated notes

Levels and vault maps discovered:
D:1:      shiori_arrival_whats_in_store_for_you, layout_loops_ring,
          nrook_mini_vaults, cheibriados_altar_1

Action                   || total
-------------------------++-------
Melee: Unarmed           ||    33
 Stab: Sleeping          ||     1
Armor: Robe              ||     7
Dodge: Dodged            ||    15

Table legend: (Time is in decaauts)
 A = Elapsed time spent in this place.
 B = Non-inter-level travel time spent in this place.
 C = Inter-level travel time spent in this place.
 D = Time resting spent in this place.
 E = Time spent auto-exploring this place.
 F = Levels seen in this place.
 G = Mean time per level.
                   A        B        C        D        E       F      G
               +--------+--------+--------+--------+--------+-----+--------+
         Total |    212 |    212 |      0 |      0 |     82 |   1 |  212.0 |
       Dungeon |    212 |    212 |      0 |      0 |     82 |   1 |  212.0 |
               +--------+--------+--------+--------+--------+-----+--------+

Top non-repeatable levels by time:
     D:1: 212 daAuts
